 Dungeon Crawl Stone Soup version 0.20.1-1-g8b1a95d66d (webtiles) character file.

211 Peloso the Covered (level 5, 0/47 HPs)
             Began as a Minotaur Fighter on Dec 29, 2017.
             Killed by divine providence
             ... invoked by an orc priest
              (8 damage)
             ... on level 3 of the Dungeon.
             The game lasted 00:03:11 (1566 turns).

Peloso the Covered (Minotaur Fighter)               Turns: 1566, Time: 00:03:12

Health: 0/47       AC: 11    Str: 20    XL:     5   Next: 57%
Magic:  4/4        EV:  3    Int:  5    God:
Gold:   74         SH:  9    Dex: 11    Spells: 4/4 levels left

rFire    + . .     SeeInvis .   a - +0 long sword
rCold    x . .     Gourm    .   c - +0 shield
rNeg     . . .     Faith    .   b - +0 chain mail {rPois}
rPois    +         Spirit   .   (helmet restricted)
rElec    .         Reflect  .   (no cloak)
rCorr    .         Harm     .   r - +0 pair of gloves
MR       .....                  (no boots)
Stlth    ..........             (no amulet)
Regen    0.2/turn               n - ring of fire
MPRegen  0.1/turn               (no ring)

@: constricted
A: retaliatory headbutt, horns 2
a: no special abilities


You were on level 3 of the Dungeon.
You were not hungry.

You visited 1 branch of the dungeon, and saw 3 of its levels.

You collected 74 gold pieces.

Inventory:

Hand Weapons
 a - a +0 long sword (weapon)
Armour
 b - a +0 chain mail of poison resistance (worn)
 c - a +0 shield (worn)
 r - a +0 pair of gloves (worn)
Jewellery
 n - a ring of fire (left hand)
Scrolls
 h - a scroll of remove curse {unknown}
 i - 4 scrolls of teleportation {unknown}
 j - a scroll of identify {unknown}
 m - a scroll of fog {unknown}
 o - a scroll of recharging {unknown}
 p - a scroll of random uselessness {unknown}
Potions
 d - a potion of might
 e - 4 potions of curing {unknown}
 l - a potion of magic {unknown}
Comestibles
 f - 2 bread rations
 g - a royal jelly
 k - a meat ration
 q - 3 fruits


   Skills:
 + Level 4.4 Fighting
 + Level 4.4 Long Blades
 + Level 5.0 Armour
 + Level 1.2 Dodging
 + Level 4.6 Shields


You had 4 spell levels left.
You didn't know any spells.

Dungeon Overview and Level Annotations

Branches:
Dungeon (3/15)

Altars:
Ashenzari
Nemelex Xobeh
Trog
Yredelemnul


Innate Abilities, Weirdness & Mutations

You reflexively headbutt those who attack you in melee.
You have a pair of horns on your head.


Message History

The orc wizard casts a spell at you. The magic dart hits you!
* * * LOW HITPOINT WARNING * * *
The ball python bites you.
* * * LOW HITPOINT WARNING * * *
The ball python constricts you. The orc hits you but does no damage.
You block the orc wizard's attack. You block the orc priest's attack.
The ball python barely misses you.
You riposte.
You closely miss the ball python. The ball python constricts you.
You barely miss the orc priest.
The orc priest is almost dead.
The orc wizard barely misses you. You furiously retaliate!
You headbutt the orc wizard!
You riposte.
You closely miss the orc wizard.
The orc wizard is severely wounded.
The orc hits you but does no damage.
The ball python bites you but does no damage.
The ball python constricts you.
The orc priest mumbles some strange prayers to Beogh against you.
Beogh smites you!
You die...

#.# #.# #.######
###### #.......
##..... ........
##...#####...# ..
####..........%.#[.#
#.....)...#.ooS!..#
#.##.<)...#.#@###..#
#.###...#.#.#o# o
#.# #####†#.#{# #.#
#.#.#...ooo.. #.#
#####.#.#####.#.#
####.###...#....#
.....##.........#
######.......[..## #
#............###.#


You could see an orc priest, an orc wizard, an orc and a ball python.

Vanquished Creatures
  An ogre (D:3)
  An orc priest (D:3)
  Terence (D:2)
  An adder (D:2)
  A worm (D:2)
  A dart slug (D:1)
  A leopard gecko (D:1)
  5 orcs (D:3)
  A giant cockroach (D:3)
  4 goblins
  6 hobgoblins
  4 jackals (D:1)
  A quokka (D:2)
  A ball python (D:1)
  6 bats
  3 frilled lizards
  6 kobolds
  9 rats
53 creatures vanquished.

Notes
Turn   | Place    | Note
-------+----------+-------------------------------------------
     0 | D:1      | Peloso the Minotaur Fighter began the quest for the Orb.
     0 | D:1      | Reached XP level 1. HP: 19/19 MP: 0/0
    57 | D:1      | Found a sparkling altar of Nemelex Xobeh.
   115 | D:1      | Reached XP level 2. HP: 17/27 MP: 1/1
   137 | D:1      | Reached skill level 4 in Armour
   526 | D:2      | Reached XP level 3. HP: 31/33 MP: 2/2
   674 | D:2      | Found a bloodstained altar of Trog.
   733 | D:2      | Noticed Terence
   743 | D:2      | Killed Terence
   890 | D:2      | Reached XP level 4. HP: 40/40 MP: 3/3
  1066 | D:2      | Found a basalt altar of Yredelemnul.
  1068 | D:2      | Found a shattered altar of Ashenzari.
  1189 | D:3      | Reached skill level 1 in Dodging
  1208 | D:3      | Noticed an ogre
  1217 | D:3      | Killed an ogre
  1217 | D:3      | Reached skill level 5 in Armour
  1217 | D:3      | Reached XP level 5. HP: 9/47 MP: 4/4
  1566 | D:3      | Killed from afar by an orc priest

Skill      XL: |  1  2  3  4 |
---------------+-------------+-----
Fighting       | 4 |  4.4
Armour         | 4 5 |  5.0
Long Blades    | 3 4 |  4.4
Shields        | 4 |  4.6
Dodging        | 1 |  1.2

Action                   |  1- 3 |  4- 6 || total
-------------------------+-------+-------++-------
Melee: Long sword        |    90 |    59 ||   149
       Headbutt          |    13 |    10 ||    23
  Eat: Chunk             |       |     2 ||     2
Armor: Scale mail        |    48 |       ||    48
       Chain mail        |     5 |    34 ||    39
Dodge: Dodged            |    23 |    24 ||    47
Block: Shield            |    47 |    47 ||    94
       Rpst.: Long sword |     8 |     9 ||    17
